 Dungeon Crawl Stone Soup version 0.27.1-33-g824d729ab1 (webtiles) character file.

Game seed: 12733739944006922432

20 belegose the Skirmisher (level 2, -3/24 HPs)
             Began as a Demonspawn Chaos Knight on Dec 30, 2021.
             Was a Plaything of Xom.
             Shot with a stone by a goblin (6 damage)
             ... on level 2 of the Dungeon.
             The game lasted 00:01:09 (287 turns).

belegose the Skirmisher (Demonspawn Chaos Knight)    Turns: 287, Time: 00:01:09

Health: -3/24      AC:  5    Str: 12    XL:     2   Next: 58%
Magic:  2/2        EV: 11    Int: 13    God:    Xom [...*..]
Gold:   19         SH:  0    Dex: 12    Spells: 1/1 levels left

rFire    . . .     SeeInvis .   a - +0 mace (chaos)
rCold    . . .     Faith    .   (no shield)
rNeg     . . .     Spirit   .   b - +2 leather armour
rPois    .         Reflect  .   (no helmet)
rElec    .         Harm     .   (no cloak)
rCorr    .         Rampage  .   (no gloves)
Will     .....                  (no boots)
Stlth    +.........             (no amulet)
HPRegen  0.08/turn              (no ring)
MPRegen  0.08/turn              (no ring)

@: no status effects
A: powered by pain 1
a: Renounce Religion


You were on level 2 of the Dungeon.
You worshipped Xom.
You were a favourite toy of Xom.
You visited 1 branch of the dungeon, and saw 2 of its levels.

You collected 19 gold pieces.

Inventory:

Hand Weapons
 a - a +0 mace of chaos (weapon)
Missiles
 c - 25 stones (quivered)
 d - 32 poisoned darts
Armour
 b - a +2 leather armour (worn)


   Skills:
 + Level 3.3 Fighting
 + Level 3.0 Maces & Flails
 + Level 2.2 Armour
 - Level 0.8 Dodging


You had one spell level left.
You didn't know any spells.
Your spell library was empty.

Dungeon Overview and Level Annotations

Branches:
Dungeon (2/15)

Altars:


Innate Abilities, Weirdness & Mutations

You sometimes gain a little power by taking damage.


Message History

The adder bites you.
You miss the adder.
The adder is almost dead.
The adder barely misses you. x2
You closely miss the adder.
The adder is almost dead.
The adder bites you but does no damage. The adder bites you.
You miss the adder.
The adder is almost dead.
The adder bites you.
You are poisoned.
The adder poisons you!
You miss the adder.
The adder is almost dead.
You feel sick.
The adder bites you but does no damage. x2
You barely miss the adder.
The adder is almost dead.
You feel sick. The adder bites you.
You completely miss the adder.
The adder is almost dead.
You feel sick. The adder barely misses you. The adder closely misses you.
You miss the adder.
The adder is almost dead.
You feel sick. The adder barely misses you. x2
You hit the adder but do no damage. Lightning courses through the adder!
You kill the adder!
You feel sick.
The goblin unwields a +0 dagger.
The goblin wields a +0 hunting sling.
The goblin shoots a stone.
The stone hits you.
* * * LOW HITPOINT WARNING * * *
Your Maces & Flails skill increases to level 3!
You feel sick.
You are no longer poisoned.
You open the door.
Found a stone staircase leading down.
There is an open door here.
You open the door.
The goblin shoots a stone.
The stone hits you.
* * * LOW HITPOINT WARNING * * *
The goblin shoots a stone.
The stone hits you.
You die...

##### #...#### .
#......#
....####......#
.......@..w.>.+
...#####....g.#
.... #####'#.# ....
#.# ..... #g#
.....#######†#+####
......w...........#
#............<...#
#................#


You could see a worm and a goblin.

Vanquished Creatures
  An adder (D:2)
  A ball python (D:2)
  A giant cockroach (D:1)
  A hobgoblin (D:1)
  4 jackals (D:1)
  2 rats
10 creatures vanquished.

Notes
Turn   | Place    | Note
-------+----------+-------------------------------------------
     0 | D:1      | belegose the Demonspawn Chaos Knight began the quest for
                  | the Orb.
     0 | D:1      | Reached XP level 1. HP: 18/18 MP: 1/1
   149 | D:1      | Gained mutation: You sometimes gain a little power by
                  | taking damage. [demonic ancestry]
   149 | D:1      | Reached XP level 2. HP: 24/24 MP: 2/2
   186 | D:1      | XOM: potion effect (invisibility)
   190 | D:1      | Noticed a shapeshifter
   190 | D:1      | a giant cockroach changed into a shapeshifter
   190 | D:1      | Noticed a troll
   190 | D:1      | a shapeshifter changed into a troll
   196 | D:1      | Noticed a polar bear
   196 | D:1      | a troll changed into a polar bear
   287 | D:2      | Shot with a stone by a goblin

Illustrated notes

Levels and vault maps discovered:
D:1:      lightli_iron_boxes, layout_basic
D:2:      minmay_wonky_spiral, layout_basic, shapermc_ecumenical_altar_acropolis

Skill      XL: |  1  2 |
---------------+-------+-----
Armour         | 2 |  2.2
Maces & Flails | 3 |  3.0
Fighting       | |  3.3
Dodging        | |  0.8

Action                   || total
-------------------------++-------
Melee: Mace              ||    30
 Stab: Invisible         ||     2
Armor: Leather armour    ||    10
Dodge: Dodged            ||    30
